Map: [ESL] Dragon Scales

Players

Creator

  • Race: Protoss Protoss

GuMiho - Winner!

  • Race: Terran Terran

Event: IEM Katowice 2023

VOD

Have the link to the VOD?

Description

Time

  • Played on: Feb. 10, 2023, 5:28 a.m.
  • Length: 10:34

All games in this series

Show
View Real Time Build Order
Export as new Build Order

Creator Protoss 

Build Orders: 1 Gate Expand, Phoenix Opening 

Get SALT Encoding   

  12  0:00  Probe  
  13  0:12  Probe  
  14  0:18  Pylon  
  14  0:24  Probe (Chrono Boost)  
  15  0:36  Probe (Chrono Boost)  
  15  0:38  Gateway  
  16  0:45  Probe (Chrono Boost)  
  16  0:46  Assimilator  
  17  0:51  Probe  
  18  1:03  Probe  
  19  1:15  Probe  
  20  1:22  Nexus  
  20  1:31  Cybernetics Core  
  20  1:34  Probe  
  20  1:39  Assimilator  
  21  1:46  Probe  
  22  1:51  Pylon  
  22  1:59  Probe  
  23  2:06  Adept (Chrono Boost)  
  23  2:11  Probe  
  26  2:22  Stargate, Adept (Chrono Boost)  
  26  2:23  Probe  
  29  2:33  Warp Gate  
  29  2:35  Probe (Chrono Boost)  
  31  2:41  Probe (Chrono Boost)  
  32  2:44  Probe (Chrono Boost)  
  32  2:48  Probe (Chrono Boost)  
  32  2:49  Probe (Chrono Boost)  
  33  2:52  Adept  
  36  2:58  Pylon  
  36  2:59  Probe  
  36  3:04  Probe  
  38  3:06  Phoenix (Chrono Boost)  
  38  3:11  Probe  
  40  3:16  Probe  
  40  3:17  Pylon  
  41  3:23  Phoenix (Chrono Boost)  
  41  3:26  Probe  
  44  3:30  Gateway  
  44  3:32  Shield Battery  
  44  3:33  Probe  
  45  3:38  Probe  
  46  3:44  Robotics Facility  
  46  3:45  Probe  
  47  3:52  Probe  
  47  3:54  Pylon  
  48  3:57  Phoenix  
  50  4:12  Nexus  
  48  4:17  Probe  
  48  4:22  Stalker  
  50  4:30  Probe x2  
  52  4:33  Stalker  
  54  4:42  Phoenix  
  52  4:46  Probe  
  52  4:47  Probe  
  52  4:52  Zealot  
  54  4:58  Zealot  
  57  5:00  Pylon, Probe x2  
  57  5:01  Immortal (Chrono Boost)  
  57  5:03  Assimilator  
  57  5:05  Assimilator  
  62  5:08  Gateway  
  61  5:14  Pylon  
  60  5:21  Zealot  
  60  5:25  Zealot  
  62  5:31  Phoenix  
  62  5:34  Probe  
  59  5:45  Probe (Chrono Boost)  
  59  5:49  Probe (Chrono Boost)  
  59  5:51  Probe (Chrono Boost)  
  59  5:54  Stalker  
  60  5:59  Shield Battery  
  60  6:00  Probe (Chrono Boost)  
  60  6:01  Probe x2 (Chrono Boost)  
  60  6:08  Probe (Chrono Boost)  
  60  6:10  Probe (Chrono Boost)  
  63  6:11  Probe (Chrono Boost)  
  63  6:17  Probe x2 (Chrono Boost)  
  66  6:19  Probe (Chrono Boost)  
  66  6:21  Phoenix  
  66  6:22  Pylon, Probe (Chrono Boost)  
  66  6:24  Probe  
  70  6:30  Robotics Bay  
  70  6:31  Forge  
  70  6:33  Probe  
  70  6:36  Pylon  
  70  6:38  Probe  
  72  6:43  Probe  
  72  6:45  Probe  
  72  6:46  Phoenix (Chrono Boost)  
  76  6:50  Probe  
  76  6:53  Observer  
  78  6:55  Stalker  
  78  6:56  Shield Battery, Zealot  
  78  7:00  Probe x2  
  84  7:02  Probe  
  84  7:04  Zealot  
  84  7:07  Phoenix  
  89  7:13  Probe  
  90  7:15  Pylon  
  90  7:16  Pylon  
  90  7:18  Stalker  
  90  7:25  Observer  
  90  7:27  Zealot x2  
  90  7:33  Probe  
  90  7:34  Probe x2  
  87  7:40  Phoenix (Chrono Boost)  
  89  7:45  Protoss Ground Weapons Level 1 (Chrono Boost)  
  89  7:46  Nexus  
  89  7:48  Adept x2  
  93  7:52  Adept  
  93  7:56  Probe x3  
  98  8:04  Colossus (Chrono Boost)  
  98  8:17  Stalker x3  
  98  8:18  Probe x3, Phoenix  
  105  8:30  Probe x3  
  105  8:32  Pylon x2, Assimilator, Extended Thermal Lance  
  105  8:33  Assimilator  
  108  8:37  Phoenix  
  100  8:46  Probe  
  100  8:47  Zealot x2, Probe  
  100  8:48  Zealot  
  101  8:52  Colossus (Chrono Boost)  
  99  9:03  Probe, Phoenix  
  99  9:08  Gateway  
  99  9:09  Gateway, Sentry, Zealot x2  
  102  9:10  Gateway  
  102  9:12  Probe  
  102  9:13  Probe  
  102  9:14  Probe  
  105  9:17  Photon Cannon  
  105  9:22  Twilight Council  
  105  9:23  Pylon  
  105  9:24  Gateway  
  105  9:33  Phoenix  
  105  9:34  Observer (Chrono Boost)  
  105  9:35  Zealot x2  
  105  9:36  Zealot  
  105  9:37  Pylon  
  114  9:44  Pylon  
  114  9:47  Pylon  
  114  9:50  Cybernetics Core  
  114  9:51  Observer (Chrono Boost)  
  115  9:55  Pylon  
  115  9:56  Zealot x2  
  118  10:06  Zealot x3  
  96  10:17  Zealot x2  
  95  10:21  Zealot  
Show
View Real Time Build Order
Export as new Build Order

GuMiho Terran - Winner!

Build Orders:  

Get SALT Encoding   

  12  0:00  SCV  
  13  0:12  SCV  
  14  0:17  Supply Depot  
  14  0:24  SCV  
  15  0:38  SCV  
  15  0:39  Barracks  
  16  0:43  Refinery  
  16  0:50  SCV  
  17  1:03  SCV  
  18  1:15  SCV  
  19  1:26  Marine  
  19  1:27  Orbital Command  
  20  1:39  Command Center  
  20  1:50  Factory  
  20  1:54  SCV  
  21  2:00  Refinery  
  21  2:02  Barracks Reactor  
  21  2:06  SCV  
  22  2:11  Supply Depot  
  22  2:18  SCV  
  23  2:33  SCV  
  23  2:34  Hellion  
  23  2:35  Starport  
  26  2:38  Marine  
  26  2:40  Marine  
  28  2:45  SCV  
  29  2:51  Orbital Command  
  29  2:56  Factory Tech Lab  
  29  2:57  SCV  
  30  3:00  Marine  
  30  3:02  Marine  
  32  3:10  SCV  
  32  3:12  Medivac  
  35  3:15  Orbital Command  
  35  3:18  Cyclone  
  38  3:22  Supply Depot  
  38  3:24  Marine  
  38  3:26  Marine  
  40  3:28  SCV  
  41  3:38  Supply Depot  
  41  3:41  SCV  
  42  3:42  SCV  
  42  3:43  Marine  
  42  3:44  Marine, Starport Tech Lab  
  45  3:53  SCV  
  45  3:54  SCV  
  47  3:55  Cyclone  
  50  4:02  Marine  
  50  4:03  Marine, Supply Depot  
  50  4:09  Banshee  
  55  4:14  SCV  
  56  4:20  Marine x2, SCV  
  59  4:26  SCV  
  60  4:31  Supply Depot  
  60  4:32  SCV  
  60  4:33  Cyclone  
  64  4:38  SCV  
  64  4:44  Marine x2  
  67  4:50  SCV  
  63  5:02  Marine x2  
  63  5:04  Raven  
  63  5:05  Cyclone  
  63  5:06  Command Center  
  70  5:09  SCV x2  
  70  5:13  Supply Depot  
  72  5:17  Supply Depot  
  72  5:20  Marine x2  
  74  5:24  SCV  
  72  5:34  SCV  
  69  5:36  SCV  
  69  5:37  Siege Tank  
  69  5:38  Marine x2  
  69  5:39  Barracks x2  
  65  5:50  SCV x2  
  65  5:54  Starport Reactor  
  65  5:55  Marine x2  
  65  5:56  Barracks  
  68  5:57  Barracks  
  68  6:03  SCV x2  
  67  6:07  Refinery  
  67  6:08  Engineering Bay x2, Refinery  
  67  6:11  Siege Tank  
  70  6:13  Marine x2  
  70  6:17  SCV x2  
  74  6:29  SCV x2, Barracks Tech Lab  
  74  6:31  Barracks Reactor  
  74  6:32  Marine x2, Supply Depot  
  77  6:36  Supply Depot  
  77  6:39  Starport Reactor  
  78  6:41  SCV x2  
  78  6:46  Orbital Command  
  79  6:47  Terran Infantry Armor Level 1, Terran Infantry Weapons Level 1  
  79  6:53  Stimpack, SCV x2  
  81  6:56  Marine x2  
  81  6:57  Marine  
  84  7:01  Refinery  
  84  7:02  Combat Shield  
  84  7:05  Marine  
  84  7:06  SCV  
  84  7:08  SCV  
  87  7:09  Marine  
  87  7:11  Marine  
  89  7:21  Marine x2  
  91  7:23  Marine  
  80  7:33  Marine x3  
  80  7:37  Medivac  
  80  7:38  Medivac  
  80  7:39  Marine  
  80  7:41  SCV x3  
  80  7:43  Armory  
  75  7:46  Supply Depot  
  75  7:48  Widow Mine x2  
  75  7:49  Marine, Marauder  
  75  7:50  Concussive Shells  
  82  7:52  Marine  
  82  7:53  SCV x3  
  82  7:58  Marauder  
  88  8:03  Marauder  
  89  8:05  SCV x2  
  89  8:08  Marine  
  89  8:11  Marauder  
  86  8:17  Orbital Command  
  86  8:19  Marauder  
  77  8:21  Marine x2  
  77  8:23  Widow Mine x2  
  77  8:24  Marine, Medivac x2, Marauder  
  87  8:28  SCV  
  87  8:29  Marine  
  87  8:32  Marauder  
  90  8:34  SCV  
  90  8:39  Marine x2  
  90  8:40  Marine, SCV  
  91  8:42  Marine  
  91  8:44  SCV  
  91  8:46  SCV  
  91  8:47  Marine x2  
  91  8:52  SCV  
  91  8:53  Marine  
  93  8:57  Marine  
  93  8:58  Marine  
  93  8:59  Marauder  
  93  9:00  Marine  
  95  9:06  SCV x2  
  95  9:07  SCV  
  98  9:18  SCV x2  
  98  9:19  SCV  
  101  9:26  Supply Depot  
  101  9:30  SCV x2  
  104  9:31  SCV  
  104  9:32  Widow Mine x2  
  104  9:34  Medivac x2  
  112  9:42  SCV  
  112  9:43  Marine x2, Marauder x2  
  117  9:51  Marine x2, Marauder  
  121  9:53  Widow Mine  
  116  10:11  Marauder  
  116  10:12  Widow Mine  
  116  10:14  Marine x2  
  119  10:16  SCV x3  
  119  10:24  Ghost Academy  

Tags
 
Add a new tag
Caveats
  • Supply blocks, unpowered buildings, or Contaminate may cause inaccurate times.
  • Supply counts are checked every 10 seconds.